[ AOE2 MATCH · #468540171 ]
Team RMWu vs Magyars
[ REPLAY ANALYSIS · EXTRACTED FROM THE RECORDED GAME ]
Feudal
10:20
Castle
18:24
Imperial
36:50
| APM avg | 25.1 |
| APM peak | 63 |
| eAPM avg | 16.8 |
| Villagers / military | 178 / 214 |
Focus
⚔️ 51.3% · 🌾 48.7%
Spearman ×206 · Unknown (1968) ×125 · Unknown (1974) ×75 · Fishing Ship ×18 · Unknown (1942) ×7 · Scorpion ×4
Feudal
11:42
Castle
20:05
Imperial
42:27
| APM avg | 16.7 |
| APM peak | 48 |
| eAPM avg | 12.8 |
| Villagers / military | 135 / 169 |
Focus
⚔️ 34.5% · 🌾 65.5%
Mangudai ×51 · Scout Cavalry ×51 · Trade Cart ×43 · Steppe Lancer ×35 · Fishing Ship ×12 · Cavalry Archer ×11
Feudal
12:06
Castle
18:16
Imperial
41:19
| APM avg | 39.0 |
| APM peak | 96 |
| eAPM avg | 22.6 |
| Villagers / military | 231 / 190 |
Focus
⚔️ 26.7% · 🌾 73.3%
Camel Scout ×63 · Skirmisher ×62 · Scout Cavalry ×35 · Cavalry Archer ×17 · Fishing Ship ×15 · Mangudai ×8
Feudal
12:09
Castle
16:26
Imperial
31:55
| APM avg | 17.8 |
| APM peak | 31 |
| eAPM avg | 13.6 |
| Villagers / military | 146 / 363 |
Focus
⚔️ 36.8% · 🌾 63.2%
Knight ×155 · Spearman ×151 · Skirmisher ×30 · Scorpion ×14 · Trade Cart ×12 · Fishing Ship ×9
Feudal
10:18
Castle
23:00
Imperial
37:43
| APM avg | 15.1 |
| APM peak | 57 |
| eAPM avg | 9.0 |
| Villagers / military | 69 / 140 |
Focus
⚔️ 39.3% · 🌾 60.7%
Spearman ×70 · Cavalry Archer ×27 · Militia ×22 · Scout Cavalry ×14 · Battering Ram ×6 · Monk ×1
Feudal
10:21
Castle
24:36
Imperial
46:29
| APM avg | 58.8 |
| APM peak | 132 |
| eAPM avg | 27.6 |
| Villagers / military | 136 / 352 |
Focus
⚔️ 39.6% · 🌾 60.4%
Skirmisher ×110 · Knight ×97 · Spearman ×78 · Scout Cavalry ×44 · Fishing Ship ×20 · Magyar Huszar ×10
Match map
Initial resources + every placement click. Lines = walls · curves = elevation contours. ◆ gold · ⬟ stone · ● berries · ✦ relic · ◌ wall gap
Your base· Open — 5t gap
5WhiskeyTango's base· Open — unwalled flank
Sabellinho's base· Open — unwalled flank
RLF_jcat's base· Open — unwalled flank
Crow's base· Open — unwalled flank
BottleDry's base· Open — unwalled flank
Smoothed initial terrain · ◌ = detected wall gap · hover for details
Inputs per minute
— Tsla - - 5WhiskeyTango
Build order — Tsla
First 150 of 802 actions detected
| 0:02 | Create | Villager (Male) |
| 0:02 | Create | Villager (Male) |
| 0:02 | Create | Villager (Male) |
| 0:04 | Build | House |
| 0:08 | Build | House |
| 0:39 | Create | Villager (Male) |
| 0:39 | Create | Villager (Male) |
| 1:36 | Create | Villager (Male) |
| 1:37 | Create | Villager (Male) |
| 1:55 | Build | Lumber Camp |
| 2:00 | Create | Villager (Male) |
| 2:00 | Create | Villager (Male) |
| 2:32 | Create | Villager (Male) |
| 2:32 | Create | Villager (Male) |
| 2:51 | Create | Villager (Male) |
| 3:09 | Create | Villager (Male) |
| 3:09 | Create | Villager (Male) |
| 3:09 | Create | Villager (Male) |
| 3:46 | Create | Villager (Male) |
| 3:46 | Create | Villager (Male) |
| 4:07 | Build | House |
| 4:10 | Build | House |
| 4:17 | Create | Villager (Male) |
| 4:17 | Create | Villager (Male) |
| 4:50 | Create | Villager (Male) |
| 4:50 | Create | Villager (Male) |
| 4:50 | Create | Villager (Male) |
| 4:51 | Create | Villager (Male) |
| 4:51 | Create | Villager (Male) |
| 5:13 | Build | Palisade Wall |
| 5:15 | Build | Palisade Wall |
| 5:17 | Build | Palisade Wall |
| 5:35 | Create | Villager (Male) |
| 5:36 | Create | Villager (Male) |
| 5:51 | Build | Mill |
| 6:32 | Create | Villager (Male) |
| 7:07 | Create | Villager (Male) |
| 7:16 | Build | House |
| 7:21 | Build | House |
| 7:22 | Build | House |
| 7:29 | Create | Villager (Male) |
| 7:55 | Research | Feudal Age |
| 8:36 | Build | Palisade Wall |
| 8:46 | Build | Palisade Wall |
| 8:56 | Build | Palisade Gate |
| 9:11 | Build | Mining Camp |
| 9:50 | Build | Barracks |
| 9:54 | Build | House |
| 10:11 | Create | Villager (Male) |
| 10:11 | Create | Villager (Male) |
| 10:11 | Create | Villager (Male) |
| 10:11 | Create | Villager (Male) |
| 10:20 | Age | Feudal Age |
| 10:33 | Build | Mill |
| 10:46 | Research | Double-Bit Axe |
| 10:52 | Research | Gold Mining |
| 11:04 | Create | Militia |
| 11:04 | Create | Militia |
| 11:05 | Create | Militia |
| 11:17 | Create | Villager (Male) |
| 11:17 | Create | Villager (Male) |
| 11:17 | Create | Villager (Male) |
| 12:54 | Create | Villager (Male) |
| 12:55 | Create | Villager (Male) |
| 12:55 | Create | Villager (Male) |
| 13:06 | Build | Blacksmith |
| 13:13 | Build | Market |
| 13:20 | Build | Farm |
| 13:22 | Build | Farm |
| 13:24 | Build | Farm |
| 13:57 | Build | Farm |
| 13:59 | Build | Farm |
| 14:04 | Create | Villager (Male) |
| 14:19 | Build | House |
| 14:22 | Build | Palisade Wall |
| 14:29 | Create | Villager (Male) |
| 14:32 | Build | Farm |
| 14:40 | Build | Farm |
| 14:48 | Build | Farm |
| 14:49 | Build | Farm |
| 15:05 | Create | Villager (Male) |
| 15:24 | Build | House |
| 15:39 | Build | Farm |
| 15:44 | Research | Castle Age |
| 15:54 | Build | House |
| 16:06 | Build | Palisade Wall |
| 16:30 | Build | Lumber Camp |
| 16:50 | Build | Lumber Camp |
| 17:57 | Create | Villager (Male) |
| 17:58 | Create | Villager (Male) |
| 17:58 | Create | Villager (Male) |
| 18:15 | Build | Dock |
| 18:24 | Age | Castle Age |
| 18:41 | Build | Barracks |
| 18:53 | Build | Barracks |
| 19:17 | Create | Villager (Male) |
| 19:18 | Create | Villager (Male) |
| 19:18 | Create | Villager (Male) |
| 19:20 | Build | Palisade Wall |
| 19:23 | Build | Palisade Wall |
| 19:33 | Research | Bow Saw |
| 19:36 | Research | Horse Collar |
| 19:42 | Create | Unit 2626 |
| 19:42 | Create | Unit 2626 |
| 19:42 | Create | Unit 2626 |
| 20:06 | Build | House |
| 20:07 | Build | House |
| 20:09 | Build | House |
| 20:12 | Build | House |
| 20:13 | Build | House |
| 20:21 | Research | Loom |
| 21:05 | Build | Siege Workshop |
| 21:10 | Create | Unit 1974 |
| 21:11 | Create | Unit 1974 |
| 21:12 | Create | Unit 1974 |
| 21:13 | Create | Unit 1974 |
| 21:13 | Create | Unit 1974 |
| 21:13 | Create | Unit 1974 |
| 21:13 | Create | Unit 1974 |
| 21:14 | Create | Unit 1974 |
| 21:14 | Create | Unit 1974 |
| 21:14 | Create | Unit 1974 |
| 21:14 | Create | Unit 1974 |
| 21:15 | Create | Unit 1974 |
| 21:15 | Create | Unit 1974 |
| 21:15 | Create | Unit 1974 |
| 21:19 | Create | Villager (Male) |
| 21:19 | Create | Villager (Male) |
| 21:19 | Create | Villager (Male) |
| 21:28 | Build | Mining Camp |
| 21:38 | Build | Town Center |
| 21:50 | Build | Town Center |
| 21:55 | Build | Palisade Wall |
| 22:02 | Create | Villager (Male) |
| 22:02 | Create | Villager (Male) |
| 22:08 | Create | Fishing Ship |
| 22:08 | Create | Fishing Ship |
| 22:34 | Research | Wheelbarrow |
| 22:53 | Build | Farm |
| 22:57 | Create | Fishing Ship |
| 23:02 | Create | Villager (Male) |
| 23:02 | Create | Villager (Male) |
| 23:43 | Create | Scorpion |
| 23:43 | Create | Scorpion |
| 23:55 | Build | House |
| 24:20 | Research | Scale Mail Armor |
| 24:27 | Create | Mangonel |
| 24:31 | Create | Villager (Male) |
| 24:31 | Create | Villager (Male) |
| 24:31 | Create | Villager (Male) |
Build order — 5WhiskeyTango
First 150 of 564 actions detected
| 0:01 | Create | Villager (Male) |
| 0:02 | Create | Villager (Male) |
| 0:02 | Create | Villager (Male) |
| 0:02 | Create | Villager (Male) |
| 0:02 | Create | Villager (Male) |
| 0:05 | Build | House |
| 0:06 | Build | House |
| 1:28 | Create | Villager (Male) |
| 1:29 | Create | Villager (Male) |
| 2:04 | Create | Villager (Male) |
| 2:47 | Create | Villager (Male) |
| 2:47 | Create | Villager (Male) |
| 2:47 | Create | Villager (Male) |
| 2:50 | Research | Loom |
| 3:35 | Create | Villager (Male) |
| 3:35 | Create | Villager (Male) |
| 3:35 | Create | Villager (Male) |
| 3:40 | Create | Villager (Male) |
| 3:40 | Create | Villager (Male) |
| 4:12 | Create | Villager (Male) |
| 4:25 | Build | House |
| 4:28 | Build | House |
| 4:30 | Build | House |
| 4:33 | Build | House |
| 4:35 | Build | House |
| 5:22 | Build | Dock |
| 5:27 | Create | Villager (Male) |
| 5:27 | Create | Villager (Male) |
| 5:28 | Create | Villager (Male) |
| 5:28 | Create | Villager (Male) |
| 6:01 | Build | Lumber Camp |
| 6:40 | Create | Villager (Male) |
| 6:40 | Create | Villager (Male) |
| 7:27 | Build | Dock |
| 7:41 | Create | Villager (Male) |
| 7:42 | Create | Villager (Male) |
| 8:24 | Create | Fishing Ship |
| 8:24 | Create | Fishing Ship |
| 8:57 | Create | Fishing Ship |
| 9:22 | Build | Lumber Camp |
| 9:32 | Research | Feudal Age |
| 9:50 | Create | Villager (Male) |
| 9:51 | Create | Villager (Male) |
| 10:08 | Build | Mill |
| 10:29 | Build | Palisade Wall |
| 10:44 | Build | Palisade Gate |
| 10:54 | Create | Fishing Ship |
| 10:55 | Create | Fishing Ship |
| 11:16 | Create | Fishing Ship |
| 11:16 | Create | Fishing Ship |
| 11:16 | Create | Fishing Ship |
| 11:42 | Age | Feudal Age |
| 12:14 | Build | Barracks |
| 12:19 | Create | Villager (Male) |
| 12:19 | Create | Villager (Male) |
| 12:40 | Build | Palisade Wall |
| 12:56 | Build | Market |
| 13:05 | Build | Blacksmith |
| 13:08 | Build | House |
| 13:11 | Create | Villager (Male) |
| 13:11 | Create | Villager (Male) |
| 13:11 | Create | Villager (Male) |
| 13:27 | Build | Lumber Camp |
| 13:45 | Build | Mining Camp |
| 13:55 | Build | House |
| 13:57 | Build | House |
| 14:50 | Build | Palisade Wall |
| 15:01 | Build | Palisade Wall |
| 15:12 | Create | Villager (Male) |
| 15:12 | Create | Villager (Male) |
| 15:40 | Build | Fish Trap |
| 15:48 | Build | Fish Trap |
| 15:51 | Build | Fish Trap |
| 16:04 | Research | Gold Mining |
| 16:09 | Build | Farm |
| 16:14 | Build | Farm |
| 16:23 | Build | Farm |
| 16:28 | Build | Farm |
| 16:37 | Build | Farm |
| 16:41 | Build | Farm |
| 16:48 | Build | Farm |
| 17:10 | Build | Fish Trap |
| 17:25 | Research | Castle Age |
| 17:41 | Create | Spearman |
| 17:41 | Create | Spearman |
| 17:44 | Build | Archery Range |
| 18:02 | Build | Farm |
| 18:07 | Build | Farm |
| 18:38 | Build | Mining Camp |
| 18:46 | Research | Double-Bit Axe |
| 19:00 | Build | House |
| 19:02 | Build | House |
| 19:04 | Build | House |
| 19:05 | Build | House |
| 20:05 | Age | Castle Age |
| 20:21 | Build | Town Center |
| 20:25 | Research | Bow Saw |
| 20:29 | Create | Villager (Male) |
| 20:29 | Create | Villager (Male) |
| 20:29 | Create | Villager (Male) |
| 20:30 | Create | Villager (Male) |
| 20:30 | Create | Villager (Male) |
| 20:30 | Create | Villager (Male) |
| 20:30 | Create | Villager (Male) |
| 20:53 | Create | Cavalry Archer |
| 20:54 | Create | Cavalry Archer |
| 20:54 | Create | Cavalry Archer |
| 20:54 | Create | Cavalry Archer |
| 21:00 | Research | Padded Archer Armor |
| 21:01 | Research | Fletching |
| 21:13 | Build | House |
| 21:16 | Build | House |
| 21:27 | Build | House |
| 21:30 | Build | House |
| 21:37 | Build | Palisade Gate |
| 21:39 | Build | House |
| 21:52 | Create | Villager (Male) |
| 21:52 | Create | Villager (Male) |
| 21:53 | Create | Villager (Male) |
| 21:53 | Create | Villager (Male) |
| 21:53 | Create | Villager (Male) |
| 22:07 | Research | Wheelbarrow |
| 22:08 | Research | Town Watch |
| 22:13 | Create | Cavalry Archer |
| 22:14 | Create | Cavalry Archer |
| 22:21 | Create | Villager (Male) |
| 22:22 | Create | Villager (Male) |
| 22:22 | Create | Villager (Male) |
| 22:22 | Create | Villager (Male) |
| 22:23 | Create | Villager (Male) |
| 22:23 | Create | Villager (Male) |
| 22:23 | Create | Villager (Male) |
| 22:23 | Create | Villager (Male) |
| 22:24 | Create | Villager (Male) |
| 22:58 | Research | Leather Archer Armor |
| 23:03 | Create | Cavalry Archer |
| 23:04 | Create | Cavalry Archer |
| 24:04 | Research | Tech 906 |
| 24:05 | Create | Fishing Ship |
| 24:05 | Create | Fishing Ship |
| 24:05 | Create | Fishing Ship |
| 24:17 | Build | Watch Tower |
| 24:26 | Create | Villager (Male) |
| 24:27 | Create | Villager (Male) |
| 24:27 | Create | Villager (Male) |
| 24:27 | Create | Villager (Male) |
| 24:28 | Create | Villager (Male) |
| 24:28 | Create | Villager (Male) |
| 24:44 | Build | Town Center |
| 24:53 | Build | Watch Tower |
Build order — Sabellinho
First 150 of 660 actions detected
| 0:02 | Build | House |
| 0:04 | Build | House |
| 0:05 | Create | Villager (Male) |
| 0:05 | Create | Villager (Male) |
| 0:05 | Create | Villager (Male) |
| 0:06 | Create | Villager (Male) |
| 1:15 | Create | Villager (Male) |
| 1:27 | Build | Lumber Camp |
| 2:00 | Create | Villager (Male) |
| 2:40 | Create | Villager (Male) |
| 3:05 | Research | Loom |
| 3:11 | Create | Villager (Male) |
| 3:42 | Create | Villager (Male) |
| 4:14 | Create | Villager (Male) |
| 4:27 | Build | Mill |
| 4:43 | Create | Villager (Male) |
| 4:55 | Build | House |
| 5:09 | Create | Villager (Male) |
| 5:28 | Create | Villager (Male) |
| 5:56 | Create | Villager (Male) |
| 6:08 | Create | Villager (Male) |
| 6:18 | Create | Villager (Male) |
| 6:30 | Build | House |
| 6:36 | Create | Villager (Male) |
| 6:50 | Create | Villager (Male) |
| 6:52 | Create | Villager (Male) |
| 6:55 | Build | House |
| 7:09 | Create | Villager (Male) |
| 7:20 | Build | Mill |
| 7:29 | Create | Villager (Male) |
| 7:32 | Create | Villager (Male) |
| 7:42 | Create | Villager (Male) |
| 7:47 | Build | Mining Camp |
| 7:53 | Create | Villager (Male) |
| 8:16 | Build | Lumber Camp |
| 8:36 | Create | Villager (Male) |
| 9:01 | Create | Villager (Male) |
| 9:14 | Create | Villager (Male) |
| 9:56 | Research | Feudal Age |
| 10:10 | Build | Barracks |
| 12:06 | Age | Feudal Age |
| 12:09 | Create | Villager (Male) |
| 12:10 | Create | Villager (Male) |
| 12:15 | Build | Archery Range |
| 12:26 | Build | Market |
| 12:36 | Create | Villager (Male) |
| 13:04 | Create | Villager (Male) |
| 13:14 | Build | Lumber Camp |
| 13:16 | Create | Villager (Male) |
| 13:57 | Create | Villager (Male) |
| 14:17 | Build | Blacksmith |
| 14:28 | Build | House |
| 14:29 | Build | House |
| 14:30 | Create | Villager (Male) |
| 14:33 | Build | House |
| 14:34 | Build | House |
| 15:36 | Research | Castle Age |
| 15:57 | Build | House |
| 16:03 | Build | Farm |
| 16:04 | Build | Farm |
| 16:30 | Build | Farm |
| 16:30 | Build | Farm |
| 16:31 | Build | Farm |
| 16:31 | Build | Farm |
| 16:31 | Build | Farm |
| 16:38 | Build | Lumber Camp |
| 16:43 | Create | Spearman |
| 16:58 | Build | Archery Range |
| 17:20 | Create | Spearman |
| 17:36 | Build | House |
| 17:41 | Build | House |
| 17:47 | Build | House |
| 18:16 | Age | Castle Age |
| 18:21 | Create | Villager (Male) |
| 18:28 | Create | Cavalry Archer |
| 18:28 | Create | Cavalry Archer |
| 18:29 | Create | Cavalry Archer |
| 18:29 | Create | Cavalry Archer |
| 18:31 | Create | Cavalry Archer |
| 18:34 | Create | Villager (Male) |
| 18:48 | Build | Mill |
| 18:49 | Create | Villager (Male) |
| 19:02 | Create | Cavalry Archer |
| 19:21 | Create | Villager (Male) |
| 19:29 | Build | Archery Range |
| 19:35 | Build | Farm |
| 19:50 | Create | Cavalry Archer |
| 19:53 | Create | Villager (Male) |
| 20:01 | Build | Farm |
| 20:01 | Build | Farm |
| 20:02 | Build | Farm |
| 20:02 | Build | Farm |
| 20:17 | Create | Villager (Male) |
| 20:20 | Build | Farm |
| 20:20 | Create | Villager (Male) |
| 20:39 | Build | Farm |
| 20:41 | Create | Villager (Male) |
| 21:03 | Build | Palisade Wall |
| 21:08 | Build | House |
| 21:10 | Build | Palisade Wall |
| 21:11 | Create | Villager (Male) |
| 21:20 | Create | Villager (Male) |
| 21:33 | Research | Horse Collar |
| 21:36 | Research | Double-Bit Axe |
| 21:42 | Research | Wheelbarrow |
| 22:03 | Build | Palisade Wall |
| 22:07 | Create | Villager (Male) |
| 22:10 | Research | Fletching |
| 22:36 | Build | University |
| 22:37 | Create | Villager (Male) |
| 23:16 | Create | Villager (Male) |
| 23:44 | Research | Ballistics |
| 23:51 | Create | Villager (Male) |
| 24:02 | Create | Cavalry Archer |
| 24:02 | Create | Cavalry Archer |
| 24:02 | Create | Cavalry Archer |
| 24:54 | Create | Villager (Male) |
| 25:20 | Create | Villager (Male) |
| 25:22 | Build | Mining Camp |
| 25:28 | Build | Town Center |
| 25:46 | Create | Villager (Male) |
| 25:50 | Create | Villager (Male) |
| 26:26 | Create | Villager (Male) |
| 27:19 | Create | Villager (Male) |
| 27:19 | Create | Villager (Male) |
| 27:20 | Create | Villager (Male) |
| 27:20 | Create | Villager (Male) |
| 27:20 | Create | Villager (Male) |
| 27:27 | Create | Villager (Male) |
| 27:27 | Create | Villager (Male) |
| 27:28 | Create | Villager (Male) |
| 27:28 | Create | Villager (Male) |
| 27:29 | Create | Villager (Male) |
| 27:29 | Create | Villager (Male) |
| 27:29 | Create | Villager (Male) |
| 27:30 | Create | Villager (Male) |
| 27:59 | Create | Villager (Male) |
| 27:59 | Create | Villager (Male) |
| 28:05 | Build | University |
| 28:11 | Build | Blacksmith |
| 28:17 | Build | Monastery |
| 28:24 | Create | Villager (Male) |
| 28:45 | Build | Town Center |
| 28:47 | Create | Villager (Male) |
| 28:59 | Create | Villager (Male) |
| 29:25 | Create | Villager (Male) |
| 29:31 | Create | Monk |
| 29:31 | Create | Monk |
| 29:32 | Create | Villager (Male) |
| 29:40 | Build | Farm |
Build order — RLF_jcat
First 150 of 513 actions detected
| 0:00 | Create | Villager (Male) |
| 0:01 | Create | Villager (Male) |
| 0:01 | Create | Villager (Male) |
| 0:01 | Create | Villager (Male) |
| 0:03 | Build | House |
| 0:05 | Build | House |
| 1:33 | Create | Villager (Male) |
| 2:09 | Create | Villager (Male) |
| 2:10 | Create | Villager (Male) |
| 2:16 | Create | Villager (Male) |
| 2:16 | Create | Villager (Male) |
| 3:08 | Create | Villager (Male) |
| 3:08 | Create | Villager (Male) |
| 3:08 | Create | Villager (Male) |
| 3:41 | Create | Villager (Male) |
| 3:42 | Create | Villager (Male) |
| 4:00 | Build | House |
| 4:21 | Create | Villager (Male) |
| 4:21 | Create | Villager (Male) |
| 4:27 | Build | House |
| 4:33 | Build | Lumber Camp |
| 4:47 | Create | Villager (Male) |
| 5:03 | Create | Villager (Male) |
| 5:26 | Build | Mill |
| 5:36 | Create | Villager (Male) |
| 5:36 | Create | Villager (Male) |
| 5:37 | Create | Villager (Male) |
| 5:51 | Create | Villager (Male) |
| 5:52 | Create | Villager (Male) |
| 6:20 | Create | Villager (Male) |
| 6:20 | Create | Villager (Male) |
| 7:19 | Create | Villager (Male) |
| 7:19 | Create | Villager (Male) |
| 7:31 | Build | Dock |
| 7:38 | Create | Villager (Male) |
| 7:38 | Create | Villager (Male) |
| 7:38 | Create | Villager (Male) |
| 7:41 | Research | Loom |
| 7:47 | Build | House |
| 8:08 | Build | Palisade Wall |
| 8:10 | Create | Villager (Male) |
| 8:11 | Create | Villager (Male) |
| 8:17 | Create | Fishing Ship |
| 8:45 | Build | House |
| 9:01 | Create | Fishing Ship |
| 9:01 | Create | Fishing Ship |
| 9:23 | Build | Palisade Gate |
| 9:36 | Build | Palisade Wall |
| 9:50 | Build | Palisade Gate |
| 9:58 | Build | Mining Camp |
| 9:59 | Research | Feudal Age |
| 11:03 | Build | Mill |
| 11:24 | Create | Fishing Ship |
| 11:31 | Build | House |
| 11:35 | Build | Palisade Wall |
| 12:09 | Age | Feudal Age |
| 12:11 | Create | Villager (Male) |
| 12:12 | Create | Villager (Male) |
| 12:25 | Build | Market |
| 12:39 | Build | Stone Wall |
| 12:51 | Create | Demolition Raft |
| 13:00 | Create | Fishing Ship |
| 13:19 | Build | Blacksmith |
| 13:46 | Research | Castle Age |
| 14:12 | Build | Mining Camp |
| 14:28 | Build | Barracks |
| 14:34 | Build | Gate |
| 14:56 | Build | House |
| 15:00 | Build | Gate |
| 15:44 | Create | Villager (Male) |
| 15:45 | Create | Villager (Male) |
| 16:02 | Create | Spearman |
| 16:14 | Research | Double-Bit Axe |
| 16:15 | Research | Horse Collar |
| 16:21 | Create | Demolition Raft |
| 16:26 | Age | Castle Age |
| 16:27 | Create | Fishing Ship |
| 16:43 | Create | Villager (Male) |
| 16:51 | Build | Town Center |
| 16:56 | Build | Farm |
| 17:01 | Build | Farm |
| 17:02 | Build | Farm |
| 17:09 | Create | Demolition Raft |
| 17:13 | Create | Fishing Ship |
| 17:19 | Build | Farm |
| 17:22 | Create | Villager (Male) |
| 17:22 | Create | Villager (Male) |
| 17:39 | Create | Spearman |
| 17:49 | Create | Villager (Male) |
| 18:00 | Build | Lumber Camp |
| 18:02 | Research | Bow Saw |
| 18:11 | Build | Farm |
| 18:41 | Build | Lumber Camp |
| 18:44 | Build | Farm |
| 18:47 | Build | Farm |
| 18:49 | Create | Villager (Male) |
| 18:50 | Create | Villager (Male) |
| 18:57 | Create | Villager (Male) |
| 19:00 | Build | Farm |
| 19:12 | Build | House |
| 19:13 | Build | House |
| 19:15 | Build | House |
| 19:16 | Build | House |
| 19:19 | Build | House |
| 19:21 | Build | House |
| 19:25 | Create | Villager (Male) |
| 19:26 | Create | Villager (Male) |
| 19:30 | Build | Farm |
| 19:32 | Create | Villager (Male) |
| 19:38 | Create | Demolition Raft |
| 19:45 | Research | Tech 906 |
| 19:51 | Build | Farm |
| 19:55 | Build | Farm |
| 19:57 | Create | Villager (Male) |
| 20:00 | Build | Farm |
| 20:22 | Build | Lumber Camp |
| 20:24 | Create | Villager (Male) |
| 20:27 | Build | Farm |
| 20:35 | Build | Stone Wall |
| 20:40 | Create | Villager (Male) |
| 20:41 | Create | Villager (Male) |
| 20:46 | Build | Gate |
| 20:50 | Build | Stone Wall |
| 20:54 | Build | Stone Wall |
| 21:00 | Create | Villager (Male) |
| 21:02 | Research | Stone Mining |
| 21:10 | Build | Farm |
| 21:23 | Build | Town Center |
| 21:30 | Create | Villager (Male) |
| 21:37 | Research | Gold Mining |
| 21:37 | Create | Villager (Male) |
| 21:38 | Create | Villager (Male) |
| 21:43 | Build | Farm |
| 21:43 | Build | Farm |
| 21:57 | Create | Villager (Male) |
| 21:57 | Create | Villager (Male) |
| 22:02 | Build | Farm |
| 22:04 | Create | Villager (Male) |
| 22:08 | Build | Farm |
| 22:22 | Build | Monastery |
| 22:29 | Build | House |
| 22:39 | Create | Villager (Male) |
| 22:40 | Research | Wheelbarrow |
| 22:41 | Create | Villager (Male) |
| 22:41 | Create | Villager (Male) |
| 22:56 | Build | House |
| 23:01 | Build | House |
| 23:02 | Build | House |
| 23:05 | Build | House |
| 23:06 | Build | House |
Build order — Crow
First 150 of 372 actions detected
| 0:10 | Build | House |
| 0:12 | Build | House |
| 0:15 | Create | Villager (Male) |
| 0:15 | Create | Villager (Male) |
| 0:16 | Create | Villager (Male) |
| 0:16 | Create | Villager (Male) |
| 1:39 | Create | Villager (Male) |
| 2:55 | Create | Villager (Male) |
| 2:57 | Create | Villager (Male) |
| 2:58 | Create | Villager (Male) |
| 4:00 | Create | Villager (Male) |
| 4:02 | Create | Villager (Male) |
| 4:29 | Build | Mill |
| 4:59 | Create | Villager (Male) |
| 5:00 | Create | Villager (Male) |
| 5:01 | Create | Villager (Male) |
| 5:07 | Build | House |
| 5:08 | Build | House |
| 6:02 | Build | Lumber Camp |
| 6:12 | Create | Villager (Male) |
| 6:57 | Create | Villager (Male) |
| 7:26 | Create | Villager (Male) |
| 8:06 | Build | Barracks |
| 8:08 | Research | Feudal Age |
| 8:35 | Research | Loom |
| 8:48 | Build | House |
| 8:50 | Build | House |
| 9:54 | Create | Villager (Male) |
| 9:54 | Create | Villager (Male) |
| 9:55 | Create | Villager (Male) |
| 9:56 | Create | Villager (Male) |
| 9:56 | Create | Villager (Male) |
| 10:18 | Age | Feudal Age |
| 10:32 | Build | Stable |
| 10:51 | Build | Mill |
| 11:09 | Build | Watch Tower |
| 11:26 | Build | Mining Camp |
| 11:39 | Create | Scout Cavalry |
| 11:39 | Create | Scout Cavalry |
| 11:40 | Create | Scout Cavalry |
| 12:13 | Create | Villager (Male) |
| 12:51 | Create | Villager (Male) |
| 12:52 | Create | Villager (Male) |
| 12:52 | Create | Villager (Male) |
| 13:30 | Research | Double-Bit Axe |
| 13:34 | Research | Horse Collar |
| 13:45 | Build | Farm |
| 14:19 | Build | Farm |
| 14:23 | Create | Villager (Male) |
| 14:24 | Create | Villager (Male) |
| 15:48 | Build | Farm |
| 15:49 | Build | Farm |
| 15:49 | Build | Farm |
| 15:55 | Build | Farm |
| 15:56 | Build | Farm |
| 15:57 | Build | Farm |
| 15:57 | Build | Farm |
| 15:58 | Build | Farm |
| 15:59 | Build | Farm |
| 16:00 | Build | Farm |
| 16:04 | Build | Farm |
| 16:19 | Create | Villager (Male) |
| 16:20 | Create | Villager (Male) |
| 16:20 | Create | Villager (Male) |
| 16:27 | Build | House |
| 16:30 | Build | House |
| 16:51 | Build | Farm |
| 17:18 | Build | Mining Camp |
| 17:40 | Build | Watch Tower |
| 17:50 | Build | Palisade Wall |
| 17:51 | Build | Palisade Wall |
| 17:52 | Build | Palisade Wall |
| 18:46 | Create | Villager (Male) |
| 18:47 | Create | Villager (Male) |
| 18:48 | Create | Villager (Male) |
| 19:22 | Build | Market |
| 19:32 | Build | Blacksmith |
| 19:47 | Build | Farm |
| 20:12 | Build | Farm |
| 20:20 | Research | Castle Age |
| 20:40 | Research | Fletching |
| 20:54 | Build | Watch Tower |
| 21:00 | Build | Palisade Wall |
| 21:01 | Build | Palisade Wall |
| 21:02 | Build | Palisade Wall |
| 21:05 | Build | Palisade Wall |
| 21:51 | Build | Archery Range |
| 21:58 | Build | Archery Range |
| 22:06 | Research | Gold Mining |
| 22:23 | Create | Villager (Male) |
| 22:24 | Create | Villager (Male) |
| 22:25 | Create | Villager (Male) |
| 22:25 | Create | Villager (Male) |
| 22:26 | Create | Villager (Male) |
| 22:37 | Research | Scale Barding Armor |
| 22:51 | Build | House |
| 22:52 | Build | House |
| 22:55 | Build | House |
| 23:00 | Age | Castle Age |
| 23:07 | Build | House |
| 23:09 | Build | House |
| 23:10 | Build | House |
| 23:22 | Create | Cavalry Archer |
| 23:23 | Create | Cavalry Archer |
| 24:11 | Create | Villager (Male) |
| 24:19 | Create | Cavalry Archer |
| 24:20 | Create | Cavalry Archer |
| 24:58 | Build | Castle |
| 25:08 | Research | Stone Mining |
| 25:23 | Build | Town Center |
| 25:32 | Create | Villager (Male) |
| 25:33 | Create | Villager (Male) |
| 25:34 | Create | Villager (Male) |
| 25:34 | Create | Villager (Male) |
| 25:35 | Create | Villager (Male) |
| 25:47 | Build | Lumber Camp |
| 25:57 | Research | Squires |
| 26:00 | Create | Cavalry Archer |
| 26:02 | Create | Cavalry Archer |
| 26:27 | Research | Bow Saw |
| 26:59 | Research | Thumb Ring |
| 27:15 | Create | Villager (Male) |
| 27:16 | Create | Villager (Male) |
| 27:16 | Create | Villager (Male) |
| 27:40 | Build | Monastery |
| 28:43 | Research | Husbandry |
| 28:47 | Create | Monk |
| 28:54 | Create | Villager (Male) |
| 28:54 | Create | Villager (Male) |
| 28:55 | Create | Villager (Male) |
| 28:55 | Create | Villager (Male) |
| 29:02 | Research | Town Watch |
| 29:21 | Create | Cavalry Archer |
| 29:22 | Create | Cavalry Archer |
| 29:23 | Create | Cavalry Archer |
| 29:23 | Create | Cavalry Archer |
| 29:24 | Create | Cavalry Archer |
| 29:25 | Create | Cavalry Archer |
| 29:32 | Build | Farm |
| 29:51 | Build | Lumber Camp |
| 30:24 | Research | Bodkin Arrow |
| 30:40 | Build | Farm |
| 30:40 | Build | Farm |
| 30:41 | Build | Farm |
| 31:02 | Build | University |
| 31:22 | Create | Cavalry Archer |
| 31:23 | Create | Cavalry Archer |
| 31:24 | Create | Cavalry Archer |
| 31:25 | Create | Cavalry Archer |
| 32:55 | Create | Scout Cavalry |
Build order — BottleDry
First 150 of 712 actions detected
| 0:01 | Create | Villager (Male) |
| 0:01 | Create | Villager (Male) |
| 0:02 | Create | Villager (Male) |
| 0:02 | Create | Villager (Male) |
| 0:02 | Create | Villager (Male) |
| 0:04 | Build | House |
| 0:05 | Build | House |
| 1:29 | Create | Villager (Male) |
| 1:58 | Create | Villager (Male) |
| 1:58 | Create | Villager (Male) |
| 2:14 | Build | Lumber Camp |
| 2:34 | Create | Villager (Male) |
| 2:34 | Create | Villager (Male) |
| 2:35 | Create | Villager (Male) |
| 2:35 | Create | Villager (Male) |
| 3:00 | Create | Villager (Male) |
| 3:00 | Create | Villager (Male) |
| 3:33 | Create | Villager (Male) |
| 3:34 | Create | Villager (Male) |
| 3:54 | Build | House |
| 4:06 | Create | Villager (Male) |
| 4:06 | Create | Villager (Male) |
| 4:19 | Create | Villager (Male) |
| 4:20 | Create | Villager (Male) |
| 4:35 | Build | Mill |
| 4:38 | Create | Villager (Male) |
| 4:38 | Create | Villager (Male) |
| 5:26 | Create | Villager (Male) |
| 6:02 | Create | Villager (Male) |
| 6:02 | Create | Villager (Male) |
| 6:02 | Create | Villager (Male) |
| 6:03 | Create | Villager (Male) |
| 6:03 | Create | Villager (Male) |
| 6:35 | Build | House |
| 6:53 | Research | Loom |
| 7:02 | Create | Villager (Male) |
| 7:03 | Research | Loom |
| 7:26 | Create | Villager (Male) |
| 7:44 | Create | Villager (Male) |
| 8:11 | Research | Feudal Age |
| 8:26 | Build | Barracks |
| 8:43 | Build | Lumber Camp |
| 8:55 | Create | Villager (Male) |
| 8:56 | Create | Villager (Male) |
| 9:30 | Build | House |
| 10:21 | Age | Feudal Age |
| 10:25 | Build | Stable |
| 10:31 | Build | Mill |
| 10:47 | Create | Spearman |
| 10:47 | Create | Spearman |
| 11:01 | Research | Double-Bit Axe |
| 11:04 | Create | Villager (Male) |
| 11:16 | Build | Stone Wall |
| 11:25 | Create | Spearman |
| 11:30 | Create | Scout Cavalry |
| 11:30 | Create | Scout Cavalry |
| 11:46 | Create | Villager (Male) |
| 11:47 | Create | Villager (Male) |
| 11:50 | Build | Farm |
| 11:52 | Research | Horse Collar |
| 12:05 | Build | Stone Wall |
| 12:07 | Build | Stone Wall |
| 12:16 | Build | House |
| 12:19 | Research | Town Watch |
| 12:21 | Research | Town Watch |
| 12:30 | Research | Wheelbarrow |
| 12:39 | Build | Blacksmith |
| 13:13 | Build | Stone Wall |
| 13:15 | Build | Stone Wall |
| 13:19 | Build | Stone Wall |
| 13:24 | Build | Mining Camp |
| 13:26 | Create | Villager (Male) |
| 13:31 | Build | Mining Camp |
| 13:36 | Build | Farm |
| 14:01 | Research | Scale Barding Armor |
| 14:27 | Create | Villager (Male) |
| 14:30 | Build | Farm |
| 14:36 | Build | Farm |
| 14:38 | Build | Farm |
| 14:39 | Build | Farm |
| 15:04 | Create | Villager (Male) |
| 15:10 | Build | Farm |
| 15:11 | Build | Farm |
| 15:22 | Build | Stone Wall |
| 15:26 | Create | Villager (Male) |
| 15:44 | Create | Villager (Male) |
| 15:55 | Create | Villager (Male) |
| 16:21 | Create | Villager (Male) |
| 16:27 | Create | Villager (Male) |
| 16:29 | Build | House |
| 16:32 | Build | Farm |
| 16:32 | Build | Farm |
| 16:32 | Build | Farm |
| 16:39 | Create | Villager (Male) |
| 16:49 | Build | Stone Wall |
| 16:53 | Build | Stone Wall |
| 16:57 | Build | House |
| 16:58 | Build | House |
| 17:06 | Create | Villager (Male) |
| 17:36 | Create | Scout Cavalry |
| 17:37 | Create | Scout Cavalry |
| 18:22 | Create | Villager (Male) |
| 18:27 | Build | Farm |
| 18:32 | Build | Farm |
| 18:35 | Build | Farm |
| 18:36 | Build | Farm |
| 18:51 | Build | House |
| 19:14 | Create | Villager (Male) |
| 19:29 | Create | Villager (Male) |
| 19:39 | Build | House |
| 19:42 | Create | Villager (Male) |
| 20:29 | Build | Market |
| 20:38 | Create | Villager (Male) |
| 20:48 | Create | Spearman |
| 20:50 | Research | Scale Mail Armor |
| 20:59 | Create | Villager (Male) |
| 21:03 | Research | Stone Mining |
| 21:05 | Research | Gold Mining |
| 21:31 | Create | Villager (Male) |
| 21:54 | Research | Castle Age |
| 22:05 | Build | Stone Wall |
| 22:25 | Create | Villager (Male) |
| 22:27 | Create | Villager (Male) |
| 22:54 | Build | Watch Tower |
| 23:13 | Build | Gate |
| 23:20 | Build | Archery Range |
| 23:23 | Create | Villager (Male) |
| 23:23 | Create | Villager (Male) |
| 23:47 | Create | Skirmisher |
| 23:47 | Create | Skirmisher |
| 23:48 | Create | Skirmisher |
| 23:48 | Create | Skirmisher |
| 23:48 | Create | Skirmisher |
| 23:55 | Build | House |
| 24:00 | Build | House |
| 24:15 | Create | Villager (Male) |
| 24:15 | Create | Villager (Male) |
| 24:32 | Build | Archery Range |
| 24:36 | Age | Castle Age |
| 24:38 | Create | Villager (Male) |
| 24:38 | Create | Villager (Male) |
| 25:09 | Build | Town Center |
| 25:32 | Build | Stone Wall |
| 25:37 | Build | Farm |
| 25:50 | Build | Farm |
| 25:51 | Create | Skirmisher |
| 25:51 | Create | Skirmisher |
| 25:51 | Create | Skirmisher |
| 26:29 | Build | Mining Camp |
| 26:40 | Research | Town Watch |
Match timeline
| 5:13 | Tsla · wall_segment Palisade Wall x1 |
| 5:15 | Tsla · wall_segment Palisade Wall x1 |
| 5:17 | Tsla · wall_segment Palisade Wall x1 |
| 5:22 | 5WhiskeyTango · first_building Dock |
| 7:31 | RLF_jcat · first_building Dock |
| 8:06 | Crow · first_building Barracks |
| 8:08 | RLF_jcat · wall_segment Palisade Wall x10 |
| 8:26 | BottleDry · first_building Barracks |
| 8:36 | Tsla · wall_segment Palisade Wall x1 |
| 8:46 | Tsla · wall_segment Palisade Wall x5 |
| 9:36 | RLF_jcat · wall_segment Palisade Wall x3 |
| 9:50 | Tsla · first_building Barracks |
| 10:10 | Sabellinho · first_building Barracks |
| 10:18 | Crow · age_up feudal |
| 10:20 | Tsla · age_up feudal |
| 10:21 | BottleDry · age_up feudal |
| 10:25 | BottleDry · first_building Stable |
| 10:29 | 5WhiskeyTango · wall_segment Palisade Wall x15 |
| 10:32 | Crow · first_building Stable |
| 11:16 | BottleDry · wall_segment Stone Wall x4 |
| 11:35 | RLF_jcat · wall_segment Palisade Wall x1 |
| 11:42 | 5WhiskeyTango · age_up feudal |
| 12:05 | BottleDry · wall_segment Stone Wall x6 |
| 12:06 | Sabellinho · age_up feudal |
| 12:07 | BottleDry · wall_segment Stone Wall x16 |
| 12:09 | RLF_jcat · age_up feudal |
| 12:14 | 5WhiskeyTango · first_building Barracks |
| 12:15 | Sabellinho · first_building Archery Range |
| 12:39 | RLF_jcat · wall_segment Stone Wall x6 |
| 12:40 | 5WhiskeyTango · wall_segment Palisade Wall x1 |
| 13:13 | BottleDry · wall_segment Stone Wall x5 |
| 13:15 | BottleDry · wall_segment Stone Wall x5 |
| 13:19 | BottleDry · wall_segment Stone Wall x2 |
| 14:22 | Tsla · wall_segment Palisade Wall x1 |
| 14:28 | RLF_jcat · first_building Barracks |
| 14:50 | 5WhiskeyTango · wall_segment Palisade Wall x3 |
| 15:01 | 5WhiskeyTango · wall_segment Palisade Wall x7 |
| 15:08 | Sabellinho · first_market_buy 100 food |
| 15:09 | Tsla · first_market_buy 100 food |
| 15:13 | Tsla · first_market_sell 100 wood |
| 15:22 | BottleDry · wall_segment Stone Wall x12 |
| 16:06 | Tsla · wall_segment Palisade Wall x13 |
| 16:26 | RLF_jcat · age_up castle |
| 16:49 | BottleDry · wall_segment Stone Wall x4 |
| 16:53 | BottleDry · wall_segment Stone Wall x23 |
| 17:44 | 5WhiskeyTango · first_building Archery Range |
| 17:50 | Crow · wall_segment Palisade Wall x1 |
| 17:51 | Crow · wall_segment Palisade Wall x1 |
| 17:52 | Crow · wall_segment Palisade Wall x1 |
| 18:15 | Tsla · first_building Dock |
| 18:16 | Sabellinho · age_up castle |
| 18:24 | Tsla · age_up castle |
| 19:20 | Tsla · wall_segment Palisade Wall x1 |
| 19:23 | Tsla · wall_segment Palisade Wall x1 |
| 20:05 | 5WhiskeyTango · age_up castle |
| 20:35 | RLF_jcat · wall_segment Stone Wall x3 |
| 20:38 | Crow · first_market_sell 100 food |
| 20:50 | RLF_jcat · wall_segment Stone Wall x1 |
| 20:54 | RLF_jcat · wall_segment Stone Wall x16 |
| 21:00 | Crow · wall_segment Palisade Wall x1 |
| 21:01 | Crow · wall_segment Palisade Wall x1 |
| 21:02 | Crow · wall_segment Palisade Wall x1 |
| 21:03 | Sabellinho · wall_segment Palisade Wall x10 |
| 21:05 | Tsla · first_building Siege Workshop |
| 21:05 | Crow · wall_segment Palisade Wall x1 |
| 21:10 | Sabellinho · wall_segment Palisade Wall x1 |
| 21:23 | BottleDry · first_market_buy 100 food |
| 21:51 | Crow · first_building Archery Range |
| 21:55 | Tsla · wall_segment Palisade Wall x6 |
| 22:03 | Sabellinho · wall_segment Palisade Wall x12 |
| 22:05 | BottleDry · wall_segment Stone Wall x18 |
| 22:22 | RLF_jcat · first_building Monastery |
| 23:00 | Crow · age_up castle |
| 23:20 | BottleDry · first_building Archery Range |
| 24:36 | BottleDry · age_up castle |
| 24:58 | Crow · first_building Castle |
| 25:32 | BottleDry · wall_segment Stone Wall x1 |
| 25:36 | RLF_jcat · first_building Archery Range |
| 26:57 | Crow · first_market_buy 100 wood |
| 27:19 | 5WhiskeyTango · first_building Stable |
| 27:25 | 5WhiskeyTango · first_building Siege Workshop |
| 27:40 | Crow · first_building Monastery |
| 28:17 | Sabellinho · first_building Monastery |
| 29:40 | 5WhiskeyTango · first_building Castle |
| 29:50 | Tsla · first_building Castle |
| 30:08 | RLF_jcat · first_building Castle |
| 30:45 | RLF_jcat · first_building Stable |
| 30:54 | Sabellinho · first_building Dock |
| 31:55 | RLF_jcat · age_up imperial |
| 32:15 | Sabellinho · first_building Castle |
| 32:15 | BottleDry · first_building Castle |
| 34:15 | BottleDry · first_market_sell 100 wood |
| 36:50 | Tsla · age_up imperial |
| 36:53 | RLF_jcat · first_market_sell 500 food |
| 37:43 | Crow · age_up imperial |
| 38:30 | Sabellinho · first_building Stable |
| 40:06 | BottleDry · first_building Dock |
| 40:46 | Sabellinho · wall_segment Palisade Wall x1 |
| 40:47 | Sabellinho · wall_segment Palisade Wall x1 |
| 40:48 | Sabellinho · wall_segment Palisade Wall x1 |
| 40:55 | Sabellinho · wall_segment Palisade Wall x1 |
| 40:57 | Sabellinho · wall_segment Palisade Wall x1 |
| 41:02 | Sabellinho · wall_segment Palisade Wall x1 |
| 41:19 | Sabellinho · age_up imperial |
| 41:24 | RLF_jcat · first_building Siege Workshop |
| 42:27 | 5WhiskeyTango · age_up imperial |
| 45:36 | Sabellinho · first_market_sell 100 stone |
| 45:47 | RLF_jcat · tribute_sent a jugador 1 |
| 45:47 | RLF_jcat · tribute_sent a jugador 2 |
| 45:47 | RLF_jcat · tribute_sent a jugador 4 |
| 45:47 | RLF_jcat · tribute_sent a jugador 5 |
| 45:47 | RLF_jcat · tribute_sent a jugador 6 |
| 46:29 | BottleDry · age_up imperial |
| 50:06 | Crow · first_building Siege Workshop |
| 54:00 | 5WhiskeyTango · wall_segment Stone Wall x18 |
| 54:06 | 5WhiskeyTango · wall_segment Stone Wall x12 |
| 56:19 | Sabellinho · first_building Siege Workshop |
| 57:29 | 5WhiskeyTango · wall_segment Palisade Wall x15 |
| 60:02 | Crow · first_building Dock |
| 61:34 | 5WhiskeyTango · first_market_sell 100 wood |
| 64:41 | Sabellinho · resign |
[ AI ANALYSIS · 1 CREDIT ]
What really happened in this match?
Wolo.gg analyzes every decision: build order, eco, micro, common mistakes by bracket. Personalized analysis on WhatsApp or Discord in 30 seconds.
Civ guide
Wu
Map guide
MegaRandom
Perfil
Tsla